 Dungeon Crawl Stone Soup version 0.31-a0-479-g91c9547826 (console) character file.

Game seed: 13076460152756169924

630 Lexodia the Magician (level 7, -11/41 (46) HPs)
             Began as a Demonspawn Hedge Wizard on Aug 7, 2023.
             Was an Initiate of Qazlal.
             Mangled by a wight
             ... wielding a +0 great sword
              (16 damage)
             ... on level 4 of the Dungeon.
             The game lasted 00:18:27 (4001 turns).

Lexodia the Magician (Demonspawn Hedge Wizard)      Turns: 4001, Time: 00:18:27

HP:   -11/41 (46)   AC:  8    Str: 10    XL:     7   Next: 24%
MP:   16/16         EV: 11    Int: 17    God:    Qazlal [......]
Gold: 138           SH:  0    Dex: 13    Spells: 10/18 levels left

rFire   . . .        a - +0 dagger (protect)
rCold   . . .        (no shield)
rNeg    . . .        r - +2 leather armour {rPois}
rPois   +            c - +0 hat
rElec   .            (no cloak)
rCorr   .            (no gloves)
SInv    .            (no boots)
Will    .....        k - amulet of magic regeneration
Stlth   +            (no ring)
HPRegen 0.26/turn    (no ring)
MPRegen 0.55/turn

%: no passive effects
@: silenced, weak-willed, heavily drained
A: slimy green scales 2, foul stench 2, weakness stinger 1
a: Renounce Religion


You were on level 4 of the Dungeon.
You worshipped Qazlal.
Qazlal was noncommittal.
You visited 1 branch of the dungeon, and saw 5 of its levels.

You collected 166 gold pieces.
You spent 28 gold pieces at shops.

Inventory:

Hand Weapons
 a - a +0 dagger of protection (weapon)
Armour
 c - a +0 hat (worn)
 r - a +2 leather armour of poison resistance (worn)
Magical Staves
 m - a staff of cold
Jewellery
 k - an amulet of magic regeneration (around neck)
Scrolls
 e - a scroll of amnesia
 o - a scroll of fog {unknown}
 p - a scroll of noise {unknown}
 q - a scroll of teleportation
Potions
 d - a potion of magic
 h - 3 potions of curing
 i - a potion of ambrosia
 j - 4 potions of heal wounds {unknown}
 l - a potion of mutation {unknown}
 n - 2 potions of cancellation {unknown}
 s - a potion of resistance {unknown}


   Skills:
 - Level 1.7 Dodging
 - Level 1.7 Stealth
 - Level 6.0 Spellcasting
 - Level 3.0 Conjurations
 - Level 3.0 Summonings
 - Level 0.8 Translocations
 - Level 1.0 Air Magic
 - Level 2.0 Poison Magic
 + Level 2.5 Invocations


You had 10 spell levels left.
You knew the following spells:

 Your Spells              Type           Power      Damage    Failure   Level
a - Magic Dart            Conj           60%        1d6       4%          1
b - Call Imp              Summ           30%        N/A       8%          2
c - Mephitic Cloud        Conj/Pois/Air  11%        N/A       22%         3
B - Blink                 Tloc           16%        N/A       19%         2

Your spell library contained the following spells:

 Spells                   Type           Power      Damage    Failure   Level
 Slow                     Hex            20%        N/A       17%         1
 Cigotuvi's Dreadful Rot  Necr/Pois/Air  16%        N/A       17%         2
 Wereblood                Tmut           5%         N/A       26%         2
 Irradiate                Conj/Tmut      5%         3d13      95%         5


Dungeon Overview and Level Annotations

Branches:
Dungeon (5/15)
 Temple: D:4-7

Altars:
Hepliaklqana
Okawaru
Qazlal
Ru
Trog
Wu Jian
Xom
Yredelemnul

Shops:
D:3 =*[   D:4 (


Innate Abilities, Weirdness & Mutations

You are mostly covered in slimy green scales. (AC +3)
You sometimes emit foul miasma when damaged in melee.
You have a small tail.


Message History

Magic scrolls do not work when you're silenced!
A wight comes into view. It is wielding a +0 falchion.
There is a stone staircase leading up here.
The wight closely misses you.
The wight hits you from afar with a +0 halberd!
You feel drained.
You climb upwards.
There is a stone staircase leading down here.
Huge Dmg: -27%(-12hp) hp: 78%(34hp)
You closely miss the wight.
The wight hits you with a +0 great sword!
You feel drained.
Huge Dmg: -26%(-11hp) hp: 55%(23hp)
You completely miss the wight. The wight barely misses you.
You barely miss the wight.
Your tail-slap misses the wight.
The wight closely misses you.
You hit the wight but do no damage.
Your weapon exudes an aura of protection.
The wight misses you.
You hit the wight but do no damage.
Your tail-slap misses the wight.
The wight misses you.
You hit the wight.
The wight is lightly damaged.
The wight hits you with a +0 great sword!
You feel drained.
Huge Dmg: -17%(-7hp) hp: 42%(17hp)
The wight attacks as you move away!
The wight hits you with a +0 great sword.
Damage: -2%(-1hp) hp: 40%(16hp)
The wight attacks as you move away!
The wight hits you with a +0 great sword.
Damage: -5%(-2hp) hp: 37%(15hp)
The wight attacks as you move away!
The wight hits you with a +0 great sword!
* * * LOW HITPOINT WARNING * * *
You emit a cloud of foul miasma!
Huge Dmg: -24%(-10hp) hp: 13%(5hp)
The wight attacks as you move away!
The wight hits you with a +0 great sword!
You die...

###.###.####.#.###.########..#
#. ........# #.#.#
#...........# #. .##.#####
#.#.# ###########.# ##
.##.########.#.# #.#
.##.#........#.# #<#
.##.#.#####..#.# ####.####
.##.#.#####....######
#........
....................#
#.##.####
....P..P........@z..#####.##.#
..♣♣♣...♣♣♣...♣♣♣...○...>....#
..♣ ♣...♣ ♣.).♣ ♣P.#.#####.###
..♣♣♣...♣♣♣..P♣♣♣P.#.# #.#
.P......P......P.....# #.#
...................#.# #.#
.............P.....#.# #.#
).♣♣♣P..♣♣♣...♣♣♣P...# #.# ).♣
♣...♣ ♣P..♣ ♣P..## #.#


You could see a wight (weak-willed).

Vanquished Creatures
  A wight (D:5)
  A jelly (D:5)
  A howler monkey (D:4)
  2 orc priests (D:5)
  A hound (D:5)
  2 iguanas
  Natasha (D:2)
  An orc wizard (D:3)
  7 gnolls
  6 adders
  2 worms (D:2)
  A dart slug (D:1)
  6 orcs
  7 ball pythons
  6 endoplasms
  3 giant cockroaches
  5 goblins
  2 hobgoblins
  5 kobolds
  3 quokkas
  4 frilled lizards
  5 rats
72 creatures vanquished.

Vanquished Creatures (collateral kills)
  A sleepcap (D:3)
  Natasha (twice) (D:2)
  3 gnolls (D:4)
  An adder (D:2)
  A worm (D:4)
  2 orcs (D:4)
  A hobgoblin (D:4)
  A kobold (D:2)
12 creatures vanquished.

Grand Total: 84 creatures vanquished

Notes
Turn   | Place    | Note
-------+----------+-------------------------------------------
     0 | D:1      | Lexodia the Demonspawn Hedge Wizard began the quest for the
                  | Orb.
     0 | D:1      | Reached XP level 1. HP: 13/13 MP: 4/4
    21 | D:1      | Huge Dmg: 3 dmg
    93 | D:1      | Gained mutation: You are partially covered in slimy green
                  | scales. (AC +2) [demonic ancestry]
    93 | D:1      | Reached XP level 2. HP: 19/19 MP: 3/6
    96 | D:1      | Learned a level 2 spell: Call Imp
   237 | D:1      | Huge Dmg: 5 dmg
  1142 | D:2      | Gained mutation: You have a small tail. [demonic ancestry]
  1142 | D:2      | Reached XP level 3. HP: 24/24 MP: 3/7
  1145 | D:2      | Learned a level 2 spell: Blink
  1149 | D:2      | Learned a level 3 spell: Mephitic Cloud
  1206 | D:2      | Noticed Natasha
  1212 | D:2      | Huge Dmg: 8 dmg
  1215 | D:2      | Huge Dmg: 6 dmg
  1216 | D:2      | HP: 1/24 [Natasha (7)]
  1217 | D:2      | Huge Dmg: 7 dmg
  1217 | D:2      | Killed Natasha
  1246 | D:2      | Noticed Natasha
  1254 | D:2      | Killed Natasha
  1255 | D:2      | Gained mutation: You are mostly covered in slimy green
                  | scales. (AC +3) [demonic ancestry]
  1255 | D:2      | Reached XP level 4. HP: 26/30 MP: 3/8
  1679 | D:2      | Noticed Natasha
  1684 | D:2      | Huge Dmg: 7 dmg
  1688 | D:2      | Huge Dmg: 5 dmg
  1691 | D:2      | Killed Natasha
  1692 | D:2      | Reached XP level 5. HP: 24/35 MP: 8/10
  1896 | D:3      | Found Dyaw Zesch's General Store.
  1903 | D:3      | Bought a scroll of identify for 28 gold pieces
  1907 | D:3      | You fall into a shaft and drop 2 floors!
  1907 | D:5      | Entered Level 5 of the Dungeon
  2026 | D:5      | Reached skill level 1 in Air Magic
  2026 | D:5      | Reached skill level 1 in Poison Magic
  2081 | D:5      | Huge Dmg: 14 dmg
  2151 | D:5      | Huge Dmg: 11 dmg
  2164 | D:5      | Huge Dmg: 7 dmg
  2165 | D:5      | Huge Dmg: 4 dmg
  2180 | D:5      | Reached skill level 4 in Spellcasting
  2307 | D:5      | Gained mutation: You may rarely emit foul miasma when
                  | damaged in melee. [demonic ancestry]
  2307 | D:5      | Reached XP level 6. HP: 27/41 MP: 10/12
  2410 | D:5      | Huge Dmg: 11 dmg
  2507 | D:5      | Reached skill level 5 in Spellcasting
  2697 | D:4      | Huge Dmg: 10 dmg
  2714 | D:4      | Huge Dmg: 6 dmg
  2855 | D:3      | Found Beadioph's Armour Shoppe.
  2856 | D:3      | Found a faded altar of an unknown god.
  2950 | D:3      | Found Ihaomarph's Jewellery Shoppe.
  3057 | D:3      | Gained mutation: You sometimes emit foul miasma when
                  | damaged in melee. [demonic ancestry]
  3057 | D:3      | Reached XP level 7. HP: 46/46 MP: 15/15
  3162 | D:3      | Found an iron altar of Okawaru.
  3166 | D:3      | Found a bloodstained altar of Trog.
  3172 | D:3      | Found a shimmering altar of Xom.
  3173 | D:3      | Found an ornate altar of the Wu Jian Council.
  3173 | D:3      | Found a hazy altar of Hepliaklqana.
  3175 | D:3      | Found a stormy altar of Qazlal.
  3176 | D:3      | Found a sacrificial altar of Ru.
  3179 | D:3      | Found a basalt altar of Yredelemnul.
  3192 | D:3      | Became a worshipper of Qazlal Stormbringer
  3529 | D:4      | Reached skill level 1 in Invocations
  3544 | D:4      | Reached skill level 6 in Spellcasting
  3877 | D:4      | Found Bododi's Weapon Shop.
  3987 | D:4      | Huge Dmg: 12 dmg
  3988 | D:4      | Huge Dmg: 11 dmg
  3993 | D:4      | Huge Dmg: 7 dmg
  3999 | D:4      | Huge Dmg: 10 dmg
  4001 | D:4      | Mangled by a wight

Illustrated notes

Levels and vault maps discovered:
D:1:      dpeg_arrival_renting, layout_basic, serial_rivers,
          chequers_serial_rivers_micro_a, chequers_serial_rivers_micro_d,
          chequers_serial_rivers_marsh, chequers_serial_rivers_micro_c,
          chequers_serial_rivers_micro_b, chequers_serial_rivers_large_a,
          nicolae_wormholes
D:2:      layout_basic, uniq_natasha
D:3:      layout_rooms, minitemple, ebering_ecumenical_altar_mist, serial_shops,
          shop_fountains, nicolae_shop_tiny_statue_garden, shop
D:4:      layout_loops_ring, serial_shops, shop, kennysheep_boxes
D:5:      layout_gridville, elyvilon_altar_3

Skill      XL: |  1  2  3  4  5  6  7 |
---------------+----------------------+-----
Conjurations   | 2 3 |  3.0
Summonings     | 2 3 |  3.0
Air Magic      | 1 |  1.0
Poison Magic   | 2 |  2.0
Spellcasting   | 4 5 6 |  6.0
Invocations    | 2 |  2.5
Dodging        | |  1.7
Stealth        | |  1.7
Translocations | |  0.8

Action                     |  1- 3 |  4- 6 |  7- 9 || total
---------------------------+-------+-------+-------++-------
  Melee: Dagger            |    30 |   133 |    71 ||   234
         Tailslap          |     2 |    18 |    10 ||    30
         Punch             |       |     3 |     1 ||     4
   Cast: Magic Dart        |    42 |   114 |    11 ||   167
         Call Imp          |     3 |    12 |     2 ||    17
         Mephitic Cloud    |       |     3 |     2 ||     5
         Blink             |       |     1 |       ||     1
    Use: Potion            |     1 |       |       ||     1
         Scroll            |       |     6 |     4 ||    10
   Stab: Sleeping          |     1 |       |     2 ||     3
         Distracted        |       |     1 |       ||     1
         Confused          |       |     1 |     2 ||     3
 Armour: Robe              |     3 |    32 |       ||    35
         Leather armour    |       |    20 |    19 ||    39
  Dodge: Dodged            |    29 |    93 |    40 ||   162

Table legend: (Time is in decaauts)
 A = Elapsed time spent in this place.
 B = Non-inter-level travel time spent in this place.
 C = Inter-level travel time spent in this place.
 D = Time resting spent in this place.
 E = Time spent auto-exploring this place.
 F = Levels seen in this place.
 G = Mean time per level.
                   A        B        C        D        E       F      G
               +--------+--------+--------+--------+--------+-----+--------+
         Total |   4017 |   3875 |    142 |     24 |   2983 |   5 |  803.4 |
       Dungeon |   4017 |   3875 |    142 |     24 |   2983 |   5 |  803.4 |
               +--------+--------+--------+--------+--------+-----+--------+

Top non-repeatable levels by time:
     D:1: 1148 daAuts
     D:4: 873 daAuts
     D:2: 762 daAuts
     D:3: 622 daAuts
     D:5: 610 daAuts
